 Dungeon Crawl Stone Soup version 0.13.0-13-g27bfa31 (webtiles) character file.

286 Charos the Cudgeler (level 4, 0/32 HPs)
             Began as an Ogre Enchanter on Oct 19, 2013.
             Was an Initiate of Ashenzari.
             Slain by a sky beast (1 damage)
             ... on Level 4 of the Dungeon.
             The game lasted 00:14:28 (3446 turns).

Charos the Cudgeler (Ogre Enchanter)                Turns: 3446, Time: 00:14:29

HP   0/32        AC  9     Str 14      XL: 4   Next: 69%
MP   7/7         EV  7     Int 14      God: Ashenzari [......]
Gold 188         SH 14     Dex 10      Spells:  1 memorised,  4 levels left

Res.Fire  : . . .   See Invis. : .   a - +0,+2 orc mace (curse)
Res.Cold  : . . .   Warding    : +   b - +1 robe
Life Prot.: + . .   Conserve   : .   m - +0 shield {AC+3} (curse)
Res.Poison: .       Res.Corr.  : .   (helmet restricted)
Res.Elec. : .       Clarity    : .   (no cloak)
Sust.Abil.: . .     Spirit.Shd : .   (gloves unavailable)
Res.Mut.  : .       Stasis     : .   (boots unavailable)
Res.Rott. : .       Flight     : .   p - cursed amulet of warding {unknown}
Saprovore : + . .                    (no ring)
                                     (no ring)

@: slightly resistant to hostile enchantments, unstealthy
A: unfitting armour, fast metabolism 1, -20% hp, saprovore 1, tough skin 1, AC
+2
a: Renounce Religion


You were on level 4 of the Dungeon.
You worshipped Ashenzari.
Ashenzari was noncommittal.
You were hungry.

You visited 1 branch of the dungeon, and saw 4 of its levels.

You collected 168 gold pieces.

Inventory:

Hand weapons
 a - a cursed +0,+2 orcish mace (weapon)
 q - a +0,+1 orcish flail
 r - a +1,+0 dagger of venom
Missiles
 d - 12 darts
 i - 14 stones (quivered)
Armour
 b - a +1 robe (worn)
 m - a cursed +0 shield of protection (worn)
Magical devices
 o - a wand of cold (6)
Comestibles
 f - 4 meat rations
 g - 4 rotting chunks of orc flesh
 k - a bread ration
 s - 2 chunks of quokka flesh
Scrolls
 e - a scroll of fear {unknown}
 h - 3 scrolls of teleportation
 j - a scroll of blinking {unknown}
 l - a scroll of enchant weapon II {unknown}
 n - a scroll of enchant armour {unknown}
Jewellery
 p - a cursed amulet of warding (around neck) {unknown}
Books
 c - a book of Maledictions

   Spells                             Type                      Level
   *Corona                            Hexes                        1
   Sure Blade                         Hexes/Charms                 2
   Ensorcelled Hibernation            Hexes/Ice                    2
   Confuse                            Hexes                        3
   Enslavement                        Hexes                        4
   Invisibility                       Hexes                        6


   Skills:
 + Level 2.3 Fighting
 + Level 2.8 Maces & Flails
 + Level 2.3 Throwing
 + Level 2.4 Dodging
 - Level 1.5 Stealth
 + Level 1.1 Shields
 - Level 1.2 Spellcasting
 - Level 2.1 Hexes


You had 4 spell levels left.
You knew the following spells:

 Your Spells              Type           Power        Failure   Level  Hunger
a - Corona                Hex            #......      63%         1    ##.....


Dungeon Overview and Level Annotations

Branches:
Dungeon (4/27)
 Temple: D:4-7

Altars:
Ashenzari
Cheibriados
the Shining One


Innate Abilities, Weirdness & Mutations

You are too large for most types of armour.
You have a fast metabolism.
You can tolerate rotten meat.
You have tough skin (AC +1).
You are partially covered in thin metallic scales (AC +2).
You are very frail (-20% HP).


Message History

The sky beast flickers out of sight!
Deactivating autopickup; reactivate with Ctrl-A.
It hits you but does no damage.
You aren't carrying any potions.
* * * LOW HITPOINT WARNING * * *
You feel sick.
A sky beast appears from thin air!
Reactivating autopickup.
You hit the sky beast but do no damage.
The sky beast is severely wounded.
The sky beast hits you but does no damage.
You are too injured to fight recklessly!
You hit the sky beast but do no damage.
The sky beast is severely wounded.
* * * LOW HITPOINT WARNING * * *
You feel sick.
You feel better.
The sky beast hits you but does no damage.
The sky beast hits you.
You die...

#.....# ##.....#
#......#
##....####
#.......#
##.#.##.#
#.#.##.#
#.#.##.######
#@#.......[>..
#I###..######
#...().# #####≈.#
#..#
##########..#
..K......(..#
##########..#
g................


You could see a sky beast.

Vanquished Creatures
  An orc wizard (D:3)
  An adder (D:2)
  4 giant geckos
  An ooze (D:1)
  5 orcs (D:3)
  A ball python (D:2)
  8 bats
  3 giant cockroaches
  6 hobgoblins
  3 kobolds
  A quokka (D:4)
  5 giant newts
  9 goblins
  3 rats
51 creatures vanquished.

Notes
Turn   | Place    | Note
--------------------------------------------------------------
     0 | D:1      | Charos, the Ogre Enchanter, began the quest for the Orb.
     0 | D:1      | Reached XP level 1. HP: 16/16 MP: 3/3
   448 | D:1      | Reached XP level 2. HP: 18/24 MP: 4/4
   583 | D:1      | Reached skill level 1 in Fighting
  1254 | D:1      | Gained mutation: You are partially covered in thin metallic scales (AC +2). [potion of mutation]
  1254 | D:1      | Gained mutation: You are frail (-10% HP). [potion of mutation]
  1254 | D:1      | Gained mutation: You are very frail (-20% HP). [potion of mutation]
  1461 | D:2      | Reached XP level 3. HP: 24/24 MP: 5/5
  2331 | D:3      | Found a glowing golden altar of the Shining One.
  2332 | D:3      | Found a snail-covered altar of Cheibriados.
  2338 | D:3      | Found a shattered altar of Ashenzari.
  2342 | D:3      | Became a worshipper of Ashenzari the Shackled
  2349 | D:3      | Charos: no mitä turhia cure scrollei
  2388 | D:3      | Charos: pakko cursata heti niin saa hyvän alun pietylle
  2432 | D:3      | zammy: niinpä
  2467 | D:3      | Charos: hyvä kun löyty jo lvl 3 tuo
  2467 | D:3      | Charos: ei tää oo oos mahdoton yhdistelmä, kun löyty tuo kilpi
  2467 | D:3      | zammy: ite muute siinä 15 runen pelissä putsasin slimepitin ja 3 helliä ilman rmut
  2467 | D:3      | Charos: ainut et pitää castaus vaan heti unohtaa
  2467 | D:3      | zammy: vasta 3 hellin vikasta kerroksestalöyty
  2467 | D:3      | Charos: ahaa
  2690 | D:3      | Reached XP level 4. HP: 29/31 MP: 7/7
  2817 | D:3      | zammy: en kyl tajuu mite oli nii helpon tuntusta sillä. 7 fireorbbiiki zotissa. kerran 2 kerralla + okawarun rankasupartio + draconianeja
  3136 | D:3      | Reached skill level 1 in Shields
  3415 | D:4      | Noticed a sky beast
  3446 | D:4      | HP: 1/32 [poisoned by a kobold]
  3446 | D:4      | Slain by a sky beast

Action                   |  1- 3 |  4- 6 || total
-------------------------+-------+-------++-------
Melee: Club              |   152 |       ||   152
       Mace              |    15 |    58 ||    73
Throw: Stone             |     1 |       ||     1
Evoke: Wand              |       |     2 ||     2
  Use: Potion            |     1 |       ||     1
       Scroll            |     4 |       ||     4
